 Dungeon Crawl Stone Soup version 0.17.0-27-g4a3f43e (webtiles) character file.

264 homeworkjunkie the Covert (level 5, 0/39 HPs)
             Began as a Spriggan Assassin on Nov 21, 2015.
             Succumbed to poison (a potion of poison)
             ... on level 3 of the Dungeon.
             The game lasted 00:06:58 (1899 turns).

homeworkjunkie the Covert (Spriggan Assassin)       Turns: 1899, Time: 00:06:58

Health: 0/39       AC: 22    Str:  5 (7)  XL:     5   Next: 98%
Magic:  6/6        EV:  4    Int: 12      God:
Gold:   102        SH:  0    Dex: 19      Spells: 1 memorised, 2 levels left

rFire  . . .     SeeInvis +     a - +2 dagger (venom)
rCold  . . .     Clarity  .     (armour currently unavailable)
rNeg   + + +     SustAt   .     (shield restricted)
rPois  +         Gourm    .     (helmet currently unavailable)
rElec  .         Spirit   .     (cloak currently unavailable)
rCorr  .         Warding  .     (gloves unavailable)
rMut   .         NoTele   +     (boots unavailable)
MR     .....                    (no amulet)
Stlth  ++++++....               (no ring)
                                (no ring)

@: lethally poisoned (0 -> -3), exhausted, tree-form, slowed, very slow, not
resistant to hostile enchantments, very stealthy
A: unfitting armour, see invisible, herbivore 3, (speed 0), slow metabolism 2
a: no special abilities


You were on level 3 of the Dungeon.
You were not hungry.
You were a tree.
You visited 1 branch of the dungeon, and saw 4 of its levels.

You collected 102 gold pieces.

Inventory:

Hand Weapons
 a - a +2 dagger of venom (weapon)
 b - a +0 blowgun
Missiles
 m - 13 poisoned needles
Armour
 c - a +0 robe (melded)
 d - a +0 cloak (melded)
Scrolls
 j - 2 scrolls of remove curse {unknown}
 k - a scroll of recharging {unknown}
Potions
 h - a potion of flight
Books
 i - a book of Spatial Translocations

   Spells                             Type                      Level
   a - Apportation                    Translocation                1
   b - Blink                          Translocation                2
   c - Shroud of Golubria             Charms/Translocation         2
   d - Portal Projectile              Translocation                3
   e - Teleport Other                 Translocation                3
   f - Passage of Golubria            Translocation                4
Comestibles
 g - 2 bread rations


   Skills:
 * Level 2.1 Fighting
 * Level 3.4 Short Blades
 * Level 3.1 Throwing
 * Level 3.5 Dodging
 * Level 8.3 Stealth
 + Level 0.2 Spellcasting
 + Level 0.4 Translocations


You had 2 spell levels left.
You knew the following spells:

 Your Spells              Type           Power        Failure   Level  Hunger
a - Blink                 Tloc           N/A          52%         2    ###....


Dungeon Overview and Level Annotations

Branches:
Dungeon (4/15)
 Temple: D:4-7

Altars:
Dithmenos
Zin


Innate Abilities, Weirdness & Mutations

You are tiny and cannot use many weapons and most armour.
You have supernaturally acute eyesight.
You are a herbivore.
((You cover ground extremely quickly.))
You need consume almost no food.


Message History

You are exhausted.
You feel yourself slow down.
Drink which item? (? for menu, Esc to quit)
Drink which item? (? for menu, Esc to quit)
Okay, then.
Drink which item? (? for menu, Esc to quit)
Drink which item? (? for menu, Esc to quit)
You don't have any such object.
Drink which item? (? for menu, Esc to quit)
It was a potion of cure mutation.
It has a very clean taste.
* * * LOW HITPOINT WARNING * * *
You feel sick.
Drink which item? (? for menu, Esc to quit)
It was a potion of degeneration.
There was something very wrong with that liquid.
You feel weakened.
You cannot move.
You cannot move.
You cannot move.
You die...

###..... ##....[# #..#.#.#
# ####......# #.#.#
#.###.....#.#.####.#.###
#......................#
...#.#......##.# #.#.#.###
#.........#.##.# #........
##.#.#.####♣##.# #.#.#.#
#..... #.##.###...†.#
#..... #..........†.#####
#.#.... #.................
. #..#.
........#..########.
#.>...#####...##.#######..
#.... ####..............#
......#.#.#.#.###..
..##..........# ##.


There were no monsters in sight!

Vanquished Creatures
  Menkaure (D:3)
  Jessica (D:2)
  3 adders (D:2)
  4 gnolls (D:2)
  2 worms (D:2)
  A giant gecko (D:2)
  An orc (D:4)
  6 bats
  3 giant cockroaches
  7 hobgoblins
  5 kobolds
  A ball python (D:1)
  3 giant newts (D:1)
  5 goblins
  3 jackals
  6 rats
52 creatures vanquished.

Notes
Turn   | Place    | Note
--------------------------------------------------------------
     0 | D:1      | homeworkjunkie the Spriggan Assassin began the quest for the Orb.
     0 | D:1      | Reached XP level 1. HP: 10/10 MP: 2/2
    88 | D:1      | Reached skill level 6 in Stealth
   178 | D:2      | Reached XP level 2. HP: 14/14 MP: 3/3
   231 | D:2      | Reached XP level 3. HP: 18/18 MP: 4/4
   269 | D:2      | Reached skill level 7 in Stealth
   515 | D:1      | Learned a level 2 spell: Blink
   962 | D:2      | Found a glowing silver altar of Zin.
   969 | D:2      | Reached XP level 4. HP: 19/23 MP: 5/5
  1436 | D:2      | Noticed Jessica
  1472 | D:2      | Killed Jessica
  1670 | D:2      | Found a shadowy altar of Dithmenos.
  1811 | D:3      | Reached XP level 5. HP: 26/26 MP: 6/6
  1862 | D:4      | Noticed Menkaure
  1889 | D:3      | Killed Menkaure
  1889 | D:3      | Reached skill level 8 in Stealth
  1891 | D:3      | HP: 2/58 [poison (a potion of poison)]
  1897 | D:3      | HP: 1/39 [poison (a potion of poison)]
  1899 | D:3      | Succumbed to poison (a potion of poison)

Action                   |  1- 3 |  4- 6 || total
-------------------------+-------+-------++-------
Melee: Dagger            |    61 |    43 ||   104
 Fire: Blowgun           |    16 |    18 ||    34
 Cast: Blink             |     2 |       ||     2
  Use: Scroll            |       |     1 ||     1
       Potion            |       |     6 ||     6
 Stab: Sleeping          |    13 |     8 ||    21
       Distracted        |     1 |       ||     1
